 Dungeon Crawl Stone Soup version 0.23.2-30-g0e89c35 (webtiles) character file.

Game seed: 14394662228016229513

571 Fortress the Firebug (level 7, 0/50 HPs)
             Began as a Yellow Draconian Fire Elementalist on June 13, 2019.
             Slain by Edmund
             ... wielding a +7 dire flail of draining
              (13 damage)
             ... on level 4 of the Dungeon.
             The game lasted 00:17:51 (4380 turns).

Fortress the Firebug (DrFE)                         Turns: 4380, Time: 00:17:51

Health: 0/50       AC:  6    Str: 10    XL:     7   Next: 11%
Magic:  8/13       EV: 11    Int: 18    God:
Gold:   138        SH:  0    Dex: 11    Spells: 14/15 levels left

rFire    . . .     SeeInvis .   g - +2 dagger (venom)
rCold    . . .     Gourm    .   (no shield)
rNeg     . . .     Faith    .   (armour unavailable)
rPois    .         Spirit   .   (helmet restricted)
rElec    .         Reflect  .   (no cloak)
rCorr    +         Harm     .   (no gloves)
MR       .....                  (no boots)
Stlth    +.........             (no amulet)
HPRegen  0.16/turn              (no ring)
MPRegen  0.13/turn              (no ring)

@: heavily drained
A: spit acid, unfitting armour, cold-blooded, acid resistance, AC +6
a: Breathe Acid


You were on level 4 of the Dungeon.
You were not hungry.

You visited 1 branch of the dungeon, and saw 5 of its levels.

You collected 138 gold pieces.

Inventory:

Hand Weapons
 g - a +2 dagger of venom (weapon)
 p - a +2 vampiric dagger
 y - a +0 short sword of venom
Missiles
 d - 126 stones (quivered)
 f - 16 poisoned needles
 o - 50 sling bullets
Wands
 n - a wand of acid (8)
 u - a wand of scattershot (5)
Scrolls
 h - 2 scrolls of amnesia
 i - a scroll of identify
 k - a scroll of noise {unknown}
 l - a scroll of random uselessness {unknown}
 m - a scroll of immolation {unknown}
 t - a scroll of fog {unknown}
 w - a scroll of teleportation {unknown}
Potions
 a - a potion of agility {unknown}
 c - 2 potions of haste
 j - a potion of flight {unknown}
 q - a potion of curing
 r - 3 potions of heal wounds {unknown}
 s - 2 potions of invisibility {unknown}
 v - a potion of might {unknown}
Comestibles
 b - 3 rations


   Skills:
 - Level 2.0(0.5) Dodging
 - Level 2.0(0.5) Stealth
 + Level 4.6(3.0) Spellcasting
 + Level 3.8(2.2) Conjurations
 + Level 5.3(3.6) Fire Magic


You had 14 spell levels left.
You knew the following spells:

 Your Spells              Type           Power        Failure   Level  Hunger
a - Flame Tongue          Conj/Fire      ##...        4%          1    None

Your spell library contained the following spells:

 Spells                   Type           Power        Failure   Level  Hunger
 Throw Flame              Conj/Fire      ##....       8%          2    ##.....
 Conjure Flame            Conj/Fire      ##......     14%         3    ###....
 Inner Flame              Hex/Fire       #.......     22%         3    ###....
 Sticky Flame             Conj/Fire      ##......     43%         4    ####...
 Fireball                 Conj/Fire      ##........   80%         5    ######.


Dungeon Overview and Level Annotations

Branches:
Dungeon (5/15)
 Temple: D:4-7

Altars:
Dithmenos
Elyvilon
Okawaru

Annotations:
D:4 Edmund


Innate Abilities, Weirdness & Mutations

You can spit globs of acid.
Your golden yellow scales are hard. (AC +6)
You cannot fit into any form of body armour.
You are cold-blooded and may be slowed by cold attacks.
You are resistant to acid. (rCorr)


Message History

* * * LOW HITPOINT WARNING * * *
Casting: Flame Tongue (safe; 3% risk of failure)
Confirm with . or Enter, or press ? or * to list all spells.
Aiming: Flame Tongue (safe; 3% risk of failure)
Press: ? - help, Shift-Dir - straight line, f/p - Edmund
Aim: Edmund, wielding a +7 dire flail of draining and wearing a +0 chain mail (moderately wounded)
The flame tongue hits Edmund.
Edmund is heavily wounded.
Edmund hits you with a +7 dire flail of draining!
* * * LOW HITPOINT WARNING * * *
You feel drained.
* * * LOW HITPOINT WARNING * * *
You feel better.
Edmund hits you with a +7 dire flail of draining.
* * * LOW HITPOINT WARNING * * *
You feel drained.
You closely miss Edmund.
Edmund is heavily wounded.
Edmund hits you with a +7 dire flail of draining!
You die...

###
#.#.#.#.#.....(..#.....(.≈)
..#
#................#.......≈≈
#.#
#...#.###..#####...........
#.# #...#.###..#
###.......≈≈ #.#
#...#......#######.......≈)
#.#
#...#..........@.........##
#.#
###...######.#########.....#
#.###(......####@# #######
...............[@#
#.###.......###### #÷#
###...### #># #...# ..#
##### ###


You could see Edmund.

Vanquished Creatures
  Eustachio (D:5)
  A black bear (D:4)
  A scorpion (D:4)
  2 hounds
  An orc priest (D:4)
  A bullfrog skeleton (D:3)
  Terence (D:3)
  An orc wizard (D:4)
  A worker ant (D:5)
  4 adders
  A shadow imp (D:5)
  An ooze (D:1)
  A worm (D:4)
  A dart slug (D:1)
  An orc (D:4)
  3 giant cockroaches
  13 goblins
  7 hobgoblins
  5 kobolds
  2 quokkas (D:2)
  6 bats
  5 frilled lizards
  7 rats
67 creatures vanquished.

Notes
Turn   | Place    | Note
-------+----------+-------------------------------------------
     0 | D:1      | Fortress the Draconian Fire Elementalist began the quest
                  | for the Orb.
     0 | D:1      | Reached XP level 1. HP: 14/14 MP: 3/3
   297 | D:1      | Reached XP level 2. HP: 20/20 MP: 3/5
   659 | D:1      | Reached XP level 3. HP: 26/26 MP: 3/6
  1354 | D:2      | Reached skill level 4 in Fire Magic
  1626 | D:2      | Found a shadowy altar of Dithmenos.
  1686 | D:2      | Reached XP level 4. HP: 33/33 MP: 3/8
  2297 | D:3      | Found a white marble altar of Elyvilon.
  2733 | D:3      | Noticed Terence
  2745 | D:3      | Killed Terence
  2745 | D:3      | Reached XP level 5. HP: 23/38 MP: 6/9
  3487 | D:4      | Noticed a black bear
  3507 | D:4      | Killed a black bear
  3507 | D:4      | Reached XP level 6. HP: 6/45 MP: 4/11
  4112 | D:4      | Found an iron altar of Okawaru.
  4138 | D:4      | Noticed Edmund
  4166 | D:5      | Entered Level 5 of the Dungeon
  4170 | D:5      | Reached skill level 5 in Fire Magic
  4184 | D:5      | Noticed Eustachio
  4227 | D:5      | Killed Eustachio
  4227 | D:5      | Your scales start taking on a golden yellow colour.
  4227 | D:5      | Reached XP level 7. HP: 32/50 MP: 3/13
  4227 | D:5      | Gained mutation: You are resistant to acid. (rCorr) [Yellow
                  | Draconian growth]
  4380 | D:4      | Slain by Edmund

Skill      XL: |  1  2  3  4  5  6 |
---------------+-------------------+-----
Stealth        | 2 |  2.0
Fire Magic     | 4 5 |  5.3
Spellcasting   | 3 4 |  4.6
Dodging        | 2 |  2.0
Conjurations   | 2 3 |  3.8

Action                   |  1- 3 |  4- 6 |  7- 9 || total
-------------------------+-------+-------+-------++-------
Melee: Dagger            |    13 |    41 |     1 ||    55
       Tailslap          |       |     5 |       ||     5
 Cast: Flame Tongue      |    55 |    72 |    15 ||   142
  Use: Scroll            |       |     4 |       ||     4
       Potion            |       |     1 |     1 ||     2
  Eat: Chunk             |     2 |     7 |     1 ||    10
       Ration            |       |       |     1 ||     1
Armor: Skin              |     9 |    24 |       ||    33
Dodge: Dodged            |    18 |    43 |     3 ||    64
